 Dungeon Crawl Stone Soup version 0.30.0-15-g856e2d3f33 (webtiles) character file.

Game seed: 11924421974350190224

142 javelincjr the Ducker (level 5, -3/38 HPs)
             Began as a Djinni Fire Elementalist on May 18, 2023.
             Slain by a gnoll
             ... wielding a +0 club
              (4 damage)
             ... on level 3 of the Dungeon.
             The game lasted 00:05:08 (1911 turns).

javelincjr the Ducker (Djinni Fire Elementalist)    Turns: 1911, Time: 00:05:09

Health: -3/38      AC:  2    Str:  6 (9)  XL:     5   Next: 49%
Gold:   188        EV: 18    Int: 16 (17) God:
                   SH:  0    Dex: 12 (13)

rFire   + + +        n - +3 flail (heavy)
rCold   x . .        (no shield)
rNeg    . . .        a - +0 robe
rPois   ∞            (no helmet)
rElec   .            (no cloak)
rCorr   .            (no gloves)
SInv    .            (boots unavailable)
Will    .....        (no amulet)
Stlth   ++           h - +5 ring of evasion
HPRegen 0.26/turn    p - ring of protection from fire
MPRegen 0.00/turn

%: infuse magic (-4 HP)
@: flying
A: sickness immunity, fire resistance 2, cold vulnerability 1, float, innate
caster, HP casting, extra vitality 1
a: no special abilities


You were on level 3 of the Dungeon.
You visited 1 branch of the dungeon, and saw 3 of its levels.

You collected 188 gold pieces.

Inventory:

Hand Weapons
 n - a +3 heavy flail (weapon)
Armour
 a - a +0 robe (worn)
Jewellery
 h - a +5 ring of evasion (left hand)
 p - a ring of protection from fire (right hand)
Scrolls
 d - 2 scrolls of noise {unknown}
 e - 4 scrolls of identify {unknown}
 f - a scroll of magic mapping {unknown}
 g - a scroll of brand weapon {unknown}
 j - 2 scrolls of fear {unknown}
 o - a scroll of blinking {unknown}
Potions
 b - 2 potions of degeneration
 c - a potion of berserk rage {unknown}
 i - a potion of heal wounds {unknown}
 k - a potion of cancellation {unknown}
 l - a potion of brilliance {unknown}
 m - a potion of resistance {unknown}
 q - a potion of curing {unknown}


   Skills:
 + Level 1.7 Fighting
 + Level 3.5 Dodging
 + Level 2.7 Stealth
 + Level 3.1 Spellcasting


You knew the following spells:

 Your Spells              Type           Power      Damage    Failure   Level
a - Foxfire               Conj/Fire      48%        2x1d6     4%          1
b - Scorch                Fire           24%        2d6       8%          2
c - Volatile Blastmotes   Fire/Tloc      24%        2d12      16%         3
d - Inner Flame           Hex/Fire       12%        N/A       16%         3
e - Flame Wave            Conj/Fire      12%        2d6       45%         4
f - Apportation           Tloc           24%        N/A       4%          1
g - Ensorcelled Hibernat  Hex/Ice        24%        N/A       8%          2
Your spell library was empty.

Dungeon Overview and Level Annotations

Branches:
Dungeon (3/15)

Altars:
Ru

Shops:
D:3 *


Innate Abilities, Weirdness & Mutations

You are immune to sickness and miasma.
You are immune to poison.
Your flesh is very heat resistant. (rF++)
You are vulnerable to cold. (rC-)
You float through the air rather than walking.
You learn spells naturally, not from books.
Your magical power is your life essence.
You have superior vitality. (+4 MHP)


Message History

The gnoll is burned terribly!
You kill the gnoll!
Your magical contamination has completely faded away.
Your foxfire dissipates!
HP restored.
Items here: )) ††.
Found Vatekk's General Store.
A gnoll comes into view. It is wielding a +0 halberd.
A gnoll is nearby!
A gnoll comes into view. It is wielding a +0 club.
The gnoll shouts! x2
Casting: Foxfire (safe; 4% risk of failure)
Confirm with . or Enter, or press ? or * to list all spells.
Flames lash the gnoll but do no damage.
The gnoll hits you with a +0 club. The gnoll misses you.
Casting: Scorch (safe; 7% risk of failure)
Confirm with . or Enter, or press ? or * to list all spells.
Flames lash the gnoll.
The gnoll is severely wounded.
The gnoll's fire resistance burns away.
The gnoll hits you with a +0 club. The gnoll completely misses you.
Casting: Scorch (safe; 7% risk of failure)
Confirm with . or Enter, or press ? or * to list all spells.
Flames lash the gnoll.
The gnoll is moderately wounded.
The gnoll's fire resistance burns away.
The gnoll hits you with a +0 club. The gnoll misses you.
You conjure some foxfire!
The gnoll closely misses you. The gnoll misses you.
Found a stone staircase leading up.
The foxfire hits the gnoll.
The gnoll is burned terribly!
The gnoll is severely wounded.
The gnoll hits you from afar with a +0 halberd!
* * * LOW HITPOINT WARNING * * *
The gnoll hits you with a +0 club!
* * * LOW HITPOINT WARNING * * *
It was a potion of degeneration.
There was something very wrong with that liquid.
You feel weakened.
You feel dopey.
You feel clumsy. The gnoll hits you with a +0 club.
You die...

#.# #.# #.# #.#
#.#
#.###############
#.......).......#
###############.#
#..@♣v# #.#g.##
#.g♣∩♣ #....#
#.##♣# #< ##


You could see 2 gnolls.

Vanquished Creatures
  9 gnolls
  An adder (D:2)
  A worm (D:2)
  2 dart slugs
  7 endoplasms
  2 goblins (D:2)
  A hobgoblin (D:2)
  3 jackals (D:3)
  3 quokkas
  5 ball pythons
  3 bats (D:1)
  A frilled lizard (D:3)
  2 kobolds (D:1)
  4 rats
44 creatures vanquished.

Vanquished Creatures (collateral kills)
  A foxfire (D:2)
1 creature vanquished.

Vanquished Creatures (others)
  123 foxfires
123 creatures vanquished.

Grand Total: 168 creatures vanquished

Notes
Turn   | Place    | Note
-------+----------+-------------------------------------------
     0 | D:1      | javelincjr the Djinni Fire Elementalist began the quest for
                  | the Orb.
     0 | D:1      | javelincjr set off with the following spells memorised:
                  | Foxfire, Scorch, Volatile Blastmotes, Inner Flame, Flame
                  | Wave.
     0 | D:1      | Reached XP level 1. HP: 15/15 MP: 0/0
   195 | D:1      | Reached XP level 2. HP: 19/21 MP: 0/0
   685 | D:2      | Reached XP level 3. HP: 21/25 MP: 0/0
   685 | D:2      | Learned a level 1 spell: Apportation
   964 | D:2      | Reached XP level 4. HP: 26/31 MP: 0/0
   974 | D:2      | Reached skill level 1 in Fighting
  1233 | D:2      | Found a sacrificial altar of Ru.
  1525 | D:3      | Reached XP level 5. HP: 33/37 MP: 0/0
  1525 | D:3      | Learned a level 2 spell: Ensorcelled Hibernation
  1902 | D:3      | Found Vatekk's General Store.
  1910 | D:3      | HP: 1/38 [gnoll/+0 club (7)]
  1911 | D:3      | Slain by a gnoll

Illustrated notes

Levels and vault maps discovered:
D:1:      dpeg_arrival_arbitrary_b, layout_rooms,
          nicolae_concentric_dashed_squares_wild
D:2:      layout_basic, basic_altar
D:3:      layout_basic, serial_shops, nicolae_shop_trees

Skill      XL: |  1  2  3  4 |
---------------+-------------+-----
Stealth        | 2 |  2.7
Dodging        | 3 |  3.5
Fighting       | 1 |  1.7
Spellcasting   | 3 |  3.1

Action                     |  1- 3 |  4- 6 || total
---------------------------+-------+-------++-------
  Melee: Unarmed           |     6 |     2 ||     8
         Flail             |       |    11 ||    11
   Cast: Foxfire           |    56 |    16 ||    72
         Scorch            |       |    11 ||    11
    Use: Potion            |       |     1 ||     1
   Stab: Sleeping          |       |     4 ||     4
 Armour: Robe              |     6 |       ||     6
  Dodge: Dodged            |    11 |    31 ||    42
